 Dungeon Crawl Stone Soup version 0.30-a0-371-gad7725a93e (webtiles) character file.

Game seed: 9137557596607032829

19640 Conn the Thaumaturge (level 12, -2/103 HPs)
             Began as an Octopode Fire Elementalist on Nov 20, 2022.
             Slain by Echos's ghost (11 damage)
             ... on level 2 of the Lair of Beasts.
             The game lasted 00:55:38 (15000 turns).

Conn the Thaumaturge (Octopode Fire Elementalist)  Turns: 15000, Time: 00:55:39

Health: -2/103     AC:  8    Str:  8    XL:     12   Next: 71%
Magic:  2/26       EV: 13    Int: 27    God:
Gold:   452        SH: 13    Dex: 13    Spells: 6/31 levels left

rFire   . . .      SeeInvis .    K - +2 rapier (protect)
rCold   + + .      Faith    .    p - +3 buckler {rC+}
rNeg    . . .      Spirit   .    (helmet restricted)
rPois   +          Reflect  +    j - amulet of reflection
rElec   .          Harm     .    o - ring of poison resistance
rCorr   .          Rampage  .    x - ring of protection from cold
Will    .....                    I - +6 ring of intelligence
Stlth   ..........               (no ring)
HPRegen 0.37/turn                (no ring)
MPRegen 0.20/turn                (no ring)
                                 (no ring)
                                 (no ring)

@: berserking, under a protective aura, very quick
A: almost no armour, amphibious, 8 rings, camouflage 1, gelatinous body 1,
(nimble swimmer 1), tentacles
a: no special abilities


You were on level 2 of the Lair of Beasts.
You visited 3 branches of the dungeon, and saw 13 of its levels.
You also visited: Ossuary and Bailey.

You collected 1376 gold pieces.
You spent 924 gold pieces at shops.

Inventory:

Hand Weapons
 e - a +0 dagger
 i - a +0 rapier
 r - a +1 short sword of venom
 F - a +2 dagger of electrocution
 K - a +2 rapier of protection (weapon)
 N - the +3 great mace of Thoughtfulness {vorpal, +Blink rF+}
   (You took it off an orc warrior in a bailey)

   It inflicts extra damage upon your enemies.
   rF:        It protects you from fire.
   +Blink:    It lets you blink.
Missiles
 s - 21 curare-tipped darts
 M - 3 boomerangs of dispersal
Armour
 p - a +3 buckler of cold resistance (worn)
 t - an orb of wrath
 O - a +2 kite shield
Jewellery
 j - an amulet of reflection (around mantle)
 n - an amulet of the acrobat
 o - a ring of poison resistance (left tentacle)
 w - an amulet of guardian spirit
 x - a ring of protection from cold (right tentacle)
 I - a +6 ring of intelligence (on tentacle)
 Q - a ring of fire
Wands
 k - a wand of polymorph (4)
 l - a wand of paralysis (10)
 q - a wand of light (12)
 y - a wand of flame (28)
 D - a wand of mindburst (6)
 J - a wand of roots (9)
Scrolls
 a - a scroll of silence {unknown}
 b - a scroll of torment
 v - 2 scrolls of poison
 A - 6 scrolls of teleportation
 G - a scroll of immolation
 L - a scroll of blinking {unknown}
 R - a scroll of brand weapon {unknown}
Potions
 f - a potion of brilliance
 g - 2 potions of mutation {unknown}
 h - 5 potions of curing
 m - 5 potions of attraction {unknown}
 u - 4 potions of cancellation
 B - a potion of invisibility
 C - a potion of flight {unknown}
 E - 3 potions of haste
 H - a potion of lignification {unknown}
 P - a potion of resistance {unknown}
 S - 3 potions of might {unknown}


   Skills:
 + Level 1.6 Fighting
 + Level 2.9 Short Blades
 + Level 3.1 Dodging
 + Level 7.2 Stealth
 * Level 6.7 Shields
 + Level 10.1 Spellcasting
 + Level 7.2 Conjurations
 + Level 1.4 Hexes
 * Level 3.8 Summonings
 + Level 1.4 Translocations
 + Level 10.0 Fire Magic
 * Level 5.3 Ice Magic
 * Level 4.6 Air Magic
 + Level 3.6 Poison Magic
 + Level 1.3 Evocations


You had 6 spell levels left.
You knew the following spells:

 Your Spells              Type           Power      Damage    Failure   Level
a - Foxfire               Conj/Fire      100%       2x1d9     1%          1
b - Kindle Blastsparks    Fire/Tloc/Air  84%        2d17      1%          3
c - Inner Flame           Hex/Fire       44%        N/A       1%          3
d - Flame Wave            Conj/Fire      57%        2d14      1%          4
e - Scorch                Fire           100%       2d10      1%          2
f - Blink                 Tloc           42%        N/A       4%          2
g - Mephitic Cloud        Conj/Pois/Air  41%        N/A       1%          3
h - Hailstorm             Conj/Ice       47%        3d11      1%          3
i - Summon Ice Beast      Ice/Summ       38%        N/A       9%          4

Your spell library contained the following spells:

 Spells                   Type           Power      Damage    Failure   Level
 Freeze                   Ice            100%       1d10      1%          1
 Magic Dart               Conj           100%       1d8       1%          1
 Summon Small Mammal      Summ           100%       N/A       1%          1
 Call Imp                 Summ           34%        N/A       1%          2
 Frozen Ramparts          Ice            84%        1d13      1%          3
 Apportation              Tloc           42%        N/A       3%          1
 Stone Arrow              Conj/Erth      66%        3d11      3%          3
 Necrotise                Necr           52%        1d6       5%          1
 Sandblast                Erth           26%        2d8       5%          1
 Passwall                 Tmut/Erth      10%        N/A       9%          2
 Ice Form                 Ice/Tmut       28%        N/A       19%         4
 Manifold Assault         Tloc           21%        N/A       30%         4
 Storm Form               Tmut/Air       13%        N/A       100%        7


Dungeon Overview and Level Annotations

Branches:
Dungeon (10/15)            Temple (1/1) D:4            Lair (2/5) D:9
 Spider (0/4) Lair:2      Ossuary (visited)          Bailey (visited)
  Swamp: Lair:2-3    Shoals: Lair:2-3       Orc: D:9-12

Altars:
Ashenzari
Cheibriados
Dithmenos
Elyvilon
Fedhas
Gozag
Hepliaklqana
Kikubaaqudgha
Nemelex Xobeh
Okawaru
Qazlal
Trog
Uskayaw
Vehumet
Wu Jian
Xom
Yredelemnul
Zin
The Shining One

Shops:
D:6 :   D:7 [*   D:10 =

Annotations:
D:4 1 runed translucent door, fly's ghost, weakling DgDe
Lair:2 Echos's ghost, journeyman FoFi


Innate Abilities, Weirdness & Mutations

You cannot wear most types of armour.
You are amphibious.
You can wear up to eight rings at the same time.
Your skin changes colour to match your surroundings (Stealth+).
Your rubbery body absorbs attacks. (AC +1, EV +1)
((You are camouflaged when in or above water. (Stealth+)))
You have tentacles for arms and can constrict up to eight enemies at once.


Message History

Aim: Echos's ghost (flame, almost destroyed, chance to affect: 9%)
Okay, then.
Unknown command.
Unknown command.
You closely miss Echos's ghost.
You squeeze Echos's ghost, but do no damage.
Echos's ghost is almost destroyed.
Echos's ghost is engulfed in blazing flames.
Echos's ghost hits you.
You barely miss Echos's ghost. Your squeeze misses Echos's ghost.
Echos's ghost is almost destroyed.
You block Echos's ghost's attack.
You hit Echos's ghost but do no damage.
Your weapon exudes an aura of protection.
Echos's ghost is almost destroyed.
Echos's ghost hits you!!
* * * LOW HITPOINT WARNING * * *
Casting: Flame Wave (dangerous; 1% risk of failure)
Confirm with . or Enter, or press ? or * to list all spells.
Okay, then.
Unknown command.
Okay, then.
You feel much better. Echos's ghost hits you!
A red film seems to cover your vision as you go berserk!
You feel yourself moving faster!
You feel mighty! You block Echos's ghost's attack.
You puncture Echos's ghost!
Your weapon exudes an aura of protection.
Echos's ghost is almost destroyed.
Echos's ghost hits you!!
* * * LOW HITPOINT WARNING * * *
You hit Echos's ghost but do no damage.
Echos's ghost is almost destroyed.
Echos's ghost misses you.
You hit Echos's ghost but do no damage.
Echos's ghost is almost destroyed.
You hit Echos's ghost but do no damage.
Echos's ghost is almost destroyed.
Echos's ghost hits you!
You die...

.# P.....## ....# #......#
......# ##.....#
........######### #P.....#### #
................####......##.###
................................
................................
...............@W...............
...).........###'''###..........
............##......§##.........
.^.P....†#.##.....°.°.#...P...##
...........#......°...##....###
.......#..##....####..(#...##
.......#..#...###[=##..##...#
.......##.#..##.?... #..#.###
⌠⌠..##....#..#...=.. #..#..#


You could see Echos's ghost.

Vanquished Creatures
  A hydra (Lair:2)
  The ghost of choppaz the Cleaver, a novice MiBe of Trog (D:8)
  4 two-headed ogres
  3 death yaks (Lair:2)
  Pikel (D:5)
  A wolf spider (Lair:2)
  4 cane toads
  3 rime drakes
  3 trolls
  Prince Ribbit (D:6)
  9 blink frogs
  7 yaks
  3 shadows
  2 wyverns
  2 steam dragons (D:8)
  3 basilisks (Lair:2)
  Edmund (D:4)
  4 acid dragons
  6 water moccasins
  6 orc warriors
  3 sky beasts
  An ice beast (D:8)
  A black bear (D:6)
  5 wolves (Lair:2)
  4 centaurs
  An ogre (D:5)
  3 lemures (D:5)
  7 kobold brigands
  11 bullfrogs
  2 gnoll sergeants
  4 scorpions
  A cane toad simulacrum (Lair:2)
  6 wights (D:8)
  5 killer bees (D:9)
  2 electric eels (D:10)
  4 howler monkeys (D:8)
  4 crimson imps (D:6)
  A hound (D:5)
  Crazy Yiuf (D:4)
  2 gnoll boudas
  5 orc priests
  3 iguanas
  2 water moccasin simulacra (Lair:2)
  11 orc wizards
  Natasha (thrice) (D:4)
  8 mummies (Ossuary)
  6 adders
  26 gnolls
  3 shadow imps
  A white imp (D:6)
  2 ufetubi
  2 worms (D:4)
  3 dart slugs
  30 orcs
  7 endoplasms
  2 gnoll zombies (Ossuary)
  A goblin (D:4)
  9 hobgoblins
  7 jackals
  23 kobolds
  3 quokkas
  3 ball pythons
  6 bats
  4 frilled lizards
  3 hobgoblin zombies (Ossuary)
  2 kobold zombies (Ossuary)
  An orc zombie (Ossuary)
  6 rats
315 creatures vanquished.

Vanquished Creatures (collateral kills)
  A killer bee (D:9)
  A foxfire (D:4)
2 creatures vanquished.

Vanquished Creatures (others)
  An orc wizard (D:6)
  918 foxfires
  7 fungi
  3 plants
929 creatures vanquished.

Grand Total: 1246 creatures vanquished

Notes
Turn   | Place    | Note
-------+----------+-------------------------------------------
     0 | D:1      | Conn the Octopode Fire Elementalist began the quest for the
                  | Orb.
     0 | D:1      | Reached XP level 1. HP: 11/11 MP: 3/3
   339 | D:1      | Reached XP level 2. HP: 15/17 MP: 5/5
  1235 | D:2      | Reached XP level 3. HP: 21/21 MP: 2/6
  1599 | D:2      | Learned a level 2 spell: Scorch
  1603 | D:2      | Learned a level 3 spell: Kindle Blastsparks
  1676 | D:2      | Found a faded altar of an unknown god.
  2113 | D:3      | Noticed a scorpion
  2122 | D:3      | Killed a scorpion
  2123 | D:3      | Reached skill level 1 in Shields
  2123 | D:3      | Reached XP level 4. HP: 22/27 MP: 0/7
  2305 | D:3      | Reached skill level 1 in Short Blades
  2305 | D:3      | Reached XP level 5. HP: 10/31 MP: 0/9
  2463 | D:4      | Found a staircase to the Ecumenical Temple.
  2473 | Temple   | Entered the Ecumenical Temple
  2535 | D:4      | Noticed Edmund
  2657 | D:4      | Killed Edmund
  2658 | D:4      | Reached XP level 6. HP: 24/37 MP: 0/10
  2761 | D:4      | Found a hide-covered altar of Uskayaw.
  2855 | D:4      | Noticed Natasha
  2862 | D:4      | Killed Natasha
  2895 | D:4      | Found an ornate altar of the Wu Jian Council.
  3028 | D:4      | Noticed Natasha
  3036 | D:4      | Killed Natasha
  3037 | D:4      | Found a sparkling altar of Nemelex Xobeh.
  3125 | D:4      | Reached skill level 1 in Fighting
  3139 | D:4      | Found a runed translucent door.
  3235 | D:4      | Noticed fly's ghost (weakling DgDe)
  3406 | D:4      | Noticed Natasha
  3529 | D:4      | Found a runed translucent door.
  3530 | D:4      | Noticed Crazy Yiuf
  3537 | D:4      | Killed Crazy Yiuf
  3659 | D:4      | Killed Natasha
  3683 | D:4      | Reached XP level 7. HP: 43/43 MP: 4/12
  3982 | D:4      | Found a runed translucent door.
  3990 | D:5      | Entered Level 5 of the Dungeon
  3996 | D:5      | Reached skill level 5 in Stealth
  4002 | D:5      | Reached skill level 5 in Fire Magic
  4466 | D:5      | HP: 1/43 [adder (4)]
  4540 | D:5      | Found a sand-covered staircase.
  4545 | Ossuary  | Entered an ossuary
  4893 | Ossuary  | Reached XP level 8. HP: 48/48 MP: 9/14
  5100 | Ossuary  | Learned a level 3 spell: Inner Flame
  5105 | Ossuary  | Learned a level 4 spell: Flame Wave
  5201 | D:5      | Noticed Pikel
  5214 | D:5      | Killed Pikel
  5215 | D:5      | Reached skill level 5 in Spellcasting
  5760 | D:5      | Learned a level 2 spell: Blink
  6122 | D:6      | Found an ancient bone altar of Kikubaaqudgha.
  6220 | D:6      | Found a shimmering altar of Xom.
  6228 | D:6      | Reached XP level 9. HP: 52/53 MP: 17/17
  6247 | D:6      | Reached skill level 1 in Air Magic
  6286 | D:6      | Reached skill level 5 in Conjurations
  6428 | D:6      | Found Kanot's Book Shop.
  6438 | D:6      | Bought a book of Minor Magic for 234 gold pieces
  6438 | D:6      | Bought a book of Frost for 260 gold pieces
  6442 | D:6      | Learned a level 3 spell: Mephitic Cloud
  6656 | D:6      | Noticed Prince Ribbit
  6665 | D:6      | Killed Prince Ribbit
  7135 | D:7      | Found Qania's Assorted Antiques.
  7141 | D:7      | Bought a large moonstone ring for 105 gold pieces
  7256 | D:7      | Found a shadowy altar of Dithmenos.
  7833 | D:7      | Found a glowing silver altar of Zin.
  7833 | D:7      | Found an opulent altar of Gozag.
  7907 | D:7      | Found Recotuh's Antique Armour Boutique.
  8104 | D:8      | Reached XP level 10. HP: 48/57 MP: 4/20
  8285 | D:8      | Found a runed translucent gate.
  8286 | D:8      | Found a runed translucent gate.
  8288 | D:8      | Noticed choppaz's ghost (novice MiBe)
  8289 | D:8      | Found a runed translucent gate.
  8318 | D:8      | Found a broken altar of Ashenzari.
  8562 | D:8      | Reached skill level 1 in Hexes
  8602 | D:8      | Found a flagged portal.
  8618 | Bailey   | Entered a bailey
  8642 | Bailey   | Learned a level 3 spell: Hailstorm
  8664 | Bailey   | Reached skill level 1 in Ice Magic
  8884 | Bailey   | Reached skill level 1 in Poison Magic
  8889 | Bailey   | Identified the +3 great mace of Thoughtfulness {vorpal,
                  | +Blink rF+}
  8989 | Bailey   | Paralysed by an orc warrior for 2 turns
  9190 | Bailey   | Found an iron altar of Okawaru.
  9508 | D:8      | Noticed a two-headed ogre
  9512 | D:8      | Killed a two-headed ogre
  9649 | D:8      | Paralysed by an orc wizard for 5 turns
 10065 | D:8      | Reached XP level 11. HP: 63/63 MP: 12/23
 10209 | D:8      | Killed choppaz's ghost
 10210 | D:8      | Reached skill level 1 in Translocations
 10486 | D:9      | Found a staircase to the Lair.
 10492 | D:9      | Learned a level 4 spell: Summon Ice Beast
 10687 | D:9      | Reached skill level 1 in Evocations
 11556 | D:10     | Entered Level 10 of the Dungeon
 11566 | D:10     | Reached skill level 5 in Shields
 11567 | D:10     | Noticed a two-headed ogre
 11719 | D:10     | Killed a two-headed ogre
 11720 | D:10     | Reached skill level 1 in Summonings
 11917 | D:10     | Noticed a two-headed ogre
 11920 | D:10     | Found Ydixteg's Jewellery Shop.
 11930 | D:10     | Killed a two-headed ogre
 12069 | D:10     | Bought a ring of fire for 325 gold pieces
 12088 | D:10     | Noticed a two-headed ogre
 12096 | D:10     | Killed a two-headed ogre
 12429 | Lair:1   | Entered Level 1 of the Lair of Beasts
 13201 | Lair:1   | Reached XP level 12. HP: 59/69 MP: 9/25
 13857 | Lair:2   | Found a hole to the Spider Nest.
 13938 | Lair:2   | Noticed a five-headed hydra
 13951 | Lair:2   | Noticed a death yak
 13953 | Lair:2   | Noticed a death yak
 13974 | Lair:2   | Noticed a death yak
 14144 | Lair:2   | Killed a five-headed hydra
 14203 | Lair:2   | Killed a death yak
 14208 | Lair:2   | Killed a death yak
 14209 | Lair:2   | Reached skill level 5 in Ice Magic
 14365 | Lair:2   | Killed a death yak
 14546 | Lair:2   | Reached skill level 10 in Spellcasting
 14772 | Lair:2   | Noticed Echos's ghost (journeyman FoFi)
 14908 | Lair:2   | Found a runed translucent gate.
 14908 | Lair:2   | Found a runed translucent gate.
 14908 | Lair:2   | Found a runed translucent gate.
 14989 | Lair:2   | Reached skill level 10 in Fire Magic
 15000 | Lair:2   | Slain by Echos's ghost

Illustrated notes

Levels and vault maps discovered:
D:1:      erik_arrival_cave_to_civilisation [erik_arrival_cave_to_hall],
          layout_loops_corners, minmay_circled_x
D:2:      layout_basic, ebering_ecumenical_altar_box, minmay_misc_feat_plants,
          dk_noncrumbling_4
D:3:      layout_basic, nicolae_ru_the_path_less_chosen,
          gammafunk_temple_overflow_pools, uniq_grinder
D:4:      layout_rooms, mainiacjoe_overflow_tiny_flanked,
          overflow_temple_1_default, mainiacjoe_overflow_surrounded_room,
          temple_pool_b, serial_corexii_hall, corexii_hall_statues_t,
          chequers_hall_statues_y, corexii_hall_statues_u,
          corexii_hall_statues_i, corexii_hall_statues_x,
          corexii_hall_statues_x, ebering_ghost_sewer_f, dk_noncrumbling_3,
          uniq_crazy_yiuf_cottage, uniq_edmund, uniq_natasha
D:5:      layout_basic, nicolae_ossuary_entry_false_entrances, uniq_pikel
D:6:      layout_basic, led_xom_imps, mainiacjoe_overflow_concentric_impassable,
          serial_shops, shop, serial_glass, glass_columns_c, glass_columns_a,
          corexii_shack, uniq_prince_ribbit1
D:7:      layout_loops_ring, grunt_temple_overflow_gold_and_silver,
          mainiacjoe_overflow_alcove_4, serial_shops, nicolae_shop_behind_doors,
          shop_statue
D:8:      minmay_inner_zag, layout_cave_pools, ashenzari_conservatory_becter,
          enter_bailey_4, gammafunk_ghost_spectres
D:9:      layout_irregular_city, lair_entry_dummy, serial_column_ruins,
          column_ruins_open_small_water, column_ruins_columns_straight,
          column_ruins_grid_3, column_ruins_corridor_corner,
          column_ruins_columns_straight, column_ruins_open_tiny,
          column_ruins_corridor_plus
D:10:     layout_cave_pools, nicolae_wooded_promenade,
          minmay_misc_feat_enclosed, corexii_hall_statues_x,
          chequers_serial_rivers_micro_c
Temple:   eino_temple_lava
Lair:1:   layout_cave_pods
Lair:2:   layout_hall_layers, nicolae_swamp_entry_splash_gauntlet,
          spider_nest_entry_rubble, gammafunk_ghost_icy, serial_bayou_shore_b

Skill      XL: |  1  2  3  4  5  6  7  8  9 10 11 12 |
---------------+-------------------------------------+-----
Stealth        | 3 4 5 6 7 |  7.2
Shields        | 1 2 4 6 |  6.7
Short Blades   | 1 2 |  2.9
Spellcasting   | 3 4 5 7 8 9 10 | 10.1
Conjurations   | 2 3 4 5 6 7 |  7.2
Fire Magic     | 4 5 6 8 9 10 | 10.0
Fighting       | 1 |  1.6
Air Magic      | 1 2 3 4 |  4.6
Hexes          | 1 |  1.4
Ice Magic      | 2 4 5 |  5.3
Poison Magic   | 3 |  3.6
Translocations | 1 |  1.4
Evocations     | 1 |  1.3
Summonings     | 2 3 |  3.8
Dodging        | 3 |  3.1

Action                   |  1- 3 |  4- 6 |  7- 9 | 10-12 || total
-------------------------+-------+-------+-------+-------++-------
Melee: Dagger            |    17 |       |    53 |    44 ||   114
       Constrict         |    10 |    10 |    16 |     9 ||    45
       Tentacles         |     4 |     5 |    21 |    20 ||    50
       Rapier            |    21 |       |       |    32 ||    53
       Short sword       |     7 |    25 |    37 |       ||    69
       Punch             |       |     1 |     2 |     1 ||     4
 Cast: Foxfire           |    43 |    81 |   156 |   243 ||   523
       Scorch            |       |     5 |    26 |    93 ||   124
       Kindle Blastspark |       |     1 |     1 |    10 ||    12
       Flame Wave        |       |       |     5 |    20 ||    25
       Inner Flame       |       |       |     2 |    13 ||    15
       Mephitic Cloud    |       |       |     1 |    10 ||    11
       Blink             |       |       |       |    14 ||    14
       Hailstorm         |       |       |       |     8 ||     8
       Summon Ice Beast  |       |       |       |     2 ||     2
Evoke: Wand              |       |       |     2 |     9 ||    11
  Use: Potion            |       |     2 |     2 |     9 ||    13
       Scroll            |       |     1 |    10 |     7 ||    18
 Stab: Sleeping          |     8 |       |    13 |     7 ||    28
       Confused          |       |       |       |     1 ||     1
       Invisible         |       |       |       |     1 ||     1
Armor: Skin              |     1 |     2 |     8 |     5 ||    16
Dodge: Dodged            |    24 |    18 |    57 |    43 ||   142
Block: Other             |    12 |     8 |    27 |       ||    47
       Reflection        |     2 |       |     1 |    12 ||    15
       Buckler           |       |       |    11 |    98 ||   109

Table legend: (Time is in decaauts)
 A = Elapsed time spent in this place.
 B = Non-inter-level travel time spent in this place.
 C = Inter-level travel time spent in this place.
 D = Time resting spent in this place.
 E = Time spent auto-exploring this place.
 F = Levels seen in this place.
 G = Mean time per level.
                   A        B        C        D        E       F      G
               +--------+--------+--------+--------+--------+-----+--------+
         Total |  14990 |  14776 |    214 |   1403 |   9344 |  15 |  999.3 |
       Dungeon |  11169 |  10976 |    193 |    747 |   7361 |  10 | 1116.9 |
        Temple |     58 |     58 |      0 |      0 |      0 |   1 |   58.0 |
          Lair |   2573 |   2552 |     21 |    351 |   1600 |   2 | 1286.5 |
       Ossuary |    582 |    582 |      0 |      0 |    378 |   1 |  582.0 |
        Bailey |    605 |    605 |      0 |    305 |      5 |   1 |  605.0 |
               +--------+--------+--------+--------+--------+-----+--------+

Top non-repeatable levels by time:
     D:8: 1761 daAuts
     D:4: 1654 daAuts
     D:5: 1338 daAuts
  Lair:2: 1304 daAuts
  Lair:1: 1269 daAuts
     D:9: 1262 daAuts
     D:1: 1145 daAuts
     D:6: 999 daAuts
     D:7: 952 daAuts
    D:10: 742 daAuts
     D:2: 695 daAuts
     D:3: 617 daAuts
  Bailey: 605 daAuts
 Ossuary: 582 daAuts
  Temple: 58 daAuts
